[Event "CZE-ch U12 2020"]
[Site "Kouty nad Desnou"]
[Date "2020.03.11"]
[Round "6.9"]
[White "Nguyen, Thai Dang Vi"]
[Black "Kubin, Tomas Daniel"]
[Result "1-0"]
[ECO "B01"]
[WhiteElo "1510"]
[BlackElo "1484"]
[Annotator "NA RC"]
[PlyCount "57"]
[EventDate "2020.03.07"]
[EventCountry "CZE"]
[SourceTitle "playchess.com"]
[Source "ChessBase"]
[SourceQuality "1"]
[TimeControl "5400+30"]

1. e4 d5 2. exd5 Nf6 3. d4 Nxd5 4. Nf3 g6 5. c4 Nb6 6. Nc3 Bg7 7. c5 Nd5 8. Bc4 c6 9. O-O O-O 10. Re1 h6 11. h3 Nxc3 12. bxc3 b5 13. cxb6 axb6 14. Ne5 b5 15. Bb3 Bb7 16. Nxg6 Re8 17. Ne5 e6 18. Qh5 Qf6 19. Ng4 Qg6 20. Qxg6 fxg6 21. Bxh6 Bxh6 22. Nxh6+ Kg7 23. Ng4 Bc8 24. Re3 Ra7 25. Rae1 Rae7 26. Ne5 Kh7 27. Rg3 Rg8 28. Bc2 Reg7 29. Re4 1-0

[Event "CZE-ch U12 2020"]
[Site "Kouty nad Desnou"]
[Date "2020.03.11"]
[Round "6.10"]
[White "Matusik, Ondrej"]
[Black "Sigut, Ondrej"]
[Result "0-1"]
[ECO "B35"]
[WhiteElo "1482"]
[BlackElo "1274"]
[Annotator "NA RC"]
[PlyCount "134"]
[EventDate "2020.03.07"]
[EventCountry "CZE"]
[SourceTitle "playchess.com"]
[Source "ChessBase"]
[SourceQuality "1"]
[TimeControl "5400+30"]

1. e4 c5 2. Nf3 Nc6 3. d4 cxd4 4. Nxd4 g6 5. Nc3 Bg7 6. Be3 Nf6 7. Bc4 O-O 8. Bb3 Ng4 9. Qxg4 Nxd4 10. O-O Nxb3 11. cxb3 d6 12. Qe2 Be6 13. Qd2 Qd7 14. Bh6 a6 15. Bxg7 Kxg7 16. f4 Qd8 17. f5 Bd7 18. Rf3 Rh8 19. Rh3 Qb6+ 20. Kh1 Bc6 21. Qh6+ Kg8 22. Rf1 Qd4 23. Qf4 Qg7 24. Ne2 Bb5 25. Rf2 Bxe2 26. Rxe2 Rc8 27. Rf2 Qe5 28. Rhf3 Qxf4 29. Rxf4 Kg7 30. h3 f6 31. g4 g5 32. R4f3 h5 33. Kg2 hxg4 34. hxg4 Rh4 35. Rg3 Rch8 36. Kf3 Rc8 37. Kg2 Rc5 38. Re2 Kf7 39. Rf2 d5 40. Kf3 dxe4+ 41. Kxe4 Rb5 42. Rfg2 Re5+ 43. Kd4 e6 44. fxe6+ Kxe6 45. Rc3 Rh7 46. Kd3 Rd7+ 47. Kc2 Re4 48. Rc4 Re5 49. Rc3 Rdd5 50. Kc1 Rc5 51. Kc2 f5 52. gxf5+ Kxf5 53. Rf2+ Kg6 54. Rg2 Rf5 55. Kd3 Rf3+ 56. Kc2 Rcf5 57. Rc7 Rf7 58. Rc5 Rf2+ 59. Rxf2 Rxf2+ 60. Kc3 g4 61. Rd5 Rf5 62. Rd2 Kg5 63. Kd3 Rd5+ 64. Ke3 Rxd2 65. Kxd2 Kf4 66. Ke2 Kg3 67. Kf1 Kh2 0-1

[Event "CZE-ch U12 2020"]
[Site "Kouty nad Desnou"]
[Date "2020.03.11"]
[Round "6.11"]
[White "Hobza, Richard"]
[Black "Matus, Jakub"]
[Result "1/2-1/2"]
[ECO "D05"]
[WhiteElo "1251"]
[BlackElo "1240"]
[Annotator "NA RC"]
[PlyCount "62"]
[EventDate "2020.03.07"]
[EventCountry "CZE"]
[SourceTitle "playchess.com"]
[Source "ChessBase"]
[SourceQuality "1"]
[TimeControl "5400+30"]

1. d4 d5 2. Nf3 Nf6 3. e3 e6 4. Bd3 Be7 5. Nbd2 O-O 6. O-O Nbd7 7. e4 dxe4 8. Nxe4 Nxe4 9. Bxe4 c5 10. c3 Nf6 11. Bc2 Qc7 12. Bg5 Rd8 13. Qe2 b6 14. Rad1 Bb7 15. Bxf6 Bxf6 16. dxc5 Rxd1 17. Rxd1 Qxc5 18. Be4 Bxe4 19. Qxe4 Rc8 20. h3 h6 21. Rd7 a5 22. Qb7 Rf8 23. Rd2 Rd8 24. Rxd8+ Bxd8 25. Qe4 Bf6 26. Qd3 Qd5 27. Qxd5 exd5 28. Kf1 Kf8 29. Ke2 Ke7 30. Kd3 Kd6 31. Nd4 Ke5 {Ke4+} 1/2-1/2

[Event "CZE-ch U12 2020"]
[Site "Kouty nad Desnou"]
[Date "2020.03.11"]
[Round "6.12"]
[White "Tesar, Jakub"]
[Black "Babula, Matej"]
[Result "1-0"]
[ECO "C91"]
[WhiteElo "1446"]
[BlackElo "1353"]
[Annotator "NA"]
[PlyCount "119"]
[EventDate "2020.03.07"]
[EventCountry "CZE"]
[SourceTitle "playchess.com"]
[Source "ChessBase"]
[SourceQuality "1"]
[TimeControl "5400+30"]

1. e4 e5 2. Nf3 Nc6 3. Bb5 a6 4. Ba4 Nf6 5. O-O Be7 6. Re1 b5 7. Bb3 O-O 8. c3 d6 9. d4 Bg4 10. Bd5 Qd7 11. dxe5 Nxd5 12. exd5 Nxe5 13. Nxe5 dxe5 14. f3 Bf5 15. Rxe5 Bf6 16. Re2 Rad8 17. Bf4 Qxd5 18. Qxd5 Rxd5 19. Nd2 Rfd8 20. Ne4 Be5 21. Bxe5 Rxe5 22. Rae1 Rde8 23. Kf2 f6 24. Nc5 Rxe2+ 25. Rxe2 Rxe2+ 26. Kxe2 a5 27. a4 bxa4 28. Nxa4 Kf7 29. Ke3 Ke7 30. Nc5 Bg6 31. Kd4 Be8 32. Kc4 Bc6 33. Nb3 Kd6 34. Nxa5 Ba8 35. Kd4 g5 36. Nc4+ Ke6 37. Ne3 f5 38. b4 g4 39. f4 Be4 40. g3 c6 41. Nc4 Bf3 42. Ne5 Be4 43. Kc5 h5 44. Nxc6 Kd7 45. Ne5+ Kc7 46. b5 Kb7 47. c4 Kc7 48. Nf7 Kd7 49. Ne5+ Kc7 50. b6+ Kb7 51. Kb5 Bf3 52. c5 Be2+ 53. Ka5 Bf3 54. c6+ Kc8 55. b7+ Kc7 56. Ka6 Bxc6 57. Nxc6 Kxc6 58. Ka7 Kd5 59. b8=Q Ke4 60. Qb3 {[%emt 0:00:25] Ke5} 1-0

[Event "CZE-ch U12 2020"]
[Site "Kouty nad Desnou"]
[Date "2020.03.12"]
[Round "7.2"]
[White "Prazak, Daniel"]
[Black "Juhanak, Daniel"]
[Result "0-1"]
[ECO "D27"]
[WhiteElo "1765"]
[BlackElo "1656"]
[Annotator "NA"]
[PlyCount "92"]
[EventDate "2020.03.07"]
[EventCountry "CZE"]
[SourceTitle "playchess.com"]
[Source "ChessBase"]
[SourceQuality "1"]
[TimeControl "5400+30"]

1. d4 Nf6 2. Nf3 d5 3. c4 dxc4 4. e3 e6 5. Bxc4 c5 6. O-O a6 7. dxc5 Qxd1 8. Rxd1 Bxc5 9. a3 b5 10. Be2 O-O 11. b4 Be7 12. Bb2 Bb7 13. Nbd2 Nbd7 14. Rac1 Rac8 15. Nd4 Rfd8 16. Bf3 Nd5 17. N2b3 Bf6 18. e4 N5b6 19. e5 Bxf3 20. Nxf3 Be7 21. Na5 Nc4 22. Nxc4 bxc4 23. Bd4 f6 24. g3 fxe5 25. Nxe5 Nxe5 26. Bxe5 Rd5 27. f4 Kf7 28. Kf2 Bf6 29. Bxf6 gxf6 30. Kf3 Ke7 31. Re1 Kd6 32. Re3 Rd4 33. Rce1 Re8 34. Re4 Kd5 35. R4e3 e5 36. Kg4 Rd3 37. Kf5 Rxe3 38. Rxe3 Kd4 39. Re1 c3 40. Kxf6 e4 41. Kf7 Rc8 42. f5 c2 43. f6 c1=Q 44. Rxc1 Rxc1 45. Kg7 Rf1 46. g4 e3 0-1

[Event "CZE-ch U12 2020"]
[Site "Kouty nad Desnou"]
[Date "2020.03.12"]
[Round "7.4"]
[White "Zelba, Lukas"]
[Black "Tichy, Tomas"]
[Result "1-0"]
[ECO "A14"]
[WhiteElo "1727"]
[BlackElo "1810"]
[Annotator "NA RC"]
[PlyCount "69"]
[EventDate "2020.03.07"]
[EventCountry "CZE"]
[SourceTitle "playchess.com"]
[Source "ChessBase"]
[SourceQuality "1"]
[TimeControl "5400+30"]

1. Nf3 Nf6 2. c4 e6 3. g3 d5 4. Bg2 Be7 5. O-O O-O 6. Qc2 a6 {[%emt 0:03:25] A14: English Opening: 1...e6 with b3 by White.} 7. d3 c5 8. a3 {[%emt 0:02:04] [#]} Nbd7 $146 ({Predecessor:} 8... d4 9. b4 cxb4 10. axb4 Bxb4 11. e3 Nc6 12. exd4 Nxd4 13. Nxd4 Qxd4 14. Bb2 Qd8 15. d4 Re8 16. Qb3 a5 17. Nc3 Rb8 18. Na2 Bf8 19. Bc3 Bd7 20. Bxa5 Qc8 21. Nc3 {½-½ (21) Jimenez,J (2229)-Quiroga,F (2284) Buenos Aires 2020}) 9. Bd2 dxc4 10. dxc4 Qc7 11. Nc3 Nb6 12. Bf4 Bd6 13. Bxd6 Qxd6 14. Ne4 Nxe4 15. Qxe4 Qc7 16. Ng5 g6 17. Qc2 (17. Rfd1 $16) 17... Bd7 18. e4 Bc6 19. b3 Rad8 20. Rad1 Rxd1 21. Rxd1 Rd8 22. e5 Bxg2 23. Kxg2 Rd7 24. Rxd7 Qxd7 25. Ne4 Qc6 26. Qd3 (26. f3 $18 {and the rest is easy.}) 26... Nd7 27. f3 h5 $2 {[%emt 0:07:10] [#]} (27... Kg7 $16) 28. Qxd7 $1 Qb6 29. Nf6+ Kg7 30. Ne8+ Kg8 31. Nd6 Qxb3 32. Qxf7+ {[%emt 0:00:06] Double Attack} Kh8 33. Qxg6 Qb2+ 34. Kh3 Qxa3 35. Nf7# 1-0

[Event "CZE-ch U12 2020"]
[Site "Kouty nad Desnou"]
[Date "2020.03.12"]
[Round "7.5"]
[White "Hladky, Tadeas"]
[Black "Soucek, Jan"]
[Result "1-0"]
[ECO "C44"]
[WhiteElo "1773"]
[BlackElo "1872"]
[Annotator "NA"]
[PlyCount "63"]
[EventDate "2020.03.07"]
[EventCountry "CZE"]
[SourceTitle "playchess.com"]
[Source "ChessBase"]
[SourceQuality "1"]
[TimeControl "5400+30"]

1. e4 e5 2. Nf3 Nc6 3. d4 exd4 4. Nxd4 Nf6 5. Nc3 Bb4 6. Nxc6 bxc6 7. Bd3 O-O 8. O-O Re8 9. Re1 {[%emt 0:09:09] C47: Scotch Four Knights and Four Knights with 4 g3.} Rb8 (9... d6 $11) 10. Bg5 Be7 11. Rb1 {[%emt 0:03:14] [#]} h6 $146 ({Predecessor:} 11... d5 12. exd5 Nxd5 13. Bxe7 Rxe7 14. Rxe7 Qxe7 15. Nxd5 cxd5 16. Qh5 g6 17. Qxd5 Bb7 {1-0 (53) Nonis,P (1584)-Attanayake,C (1152) Negombo 2016}) 12. Be3 a5 13. h3 Bf8 14. Bd2 d6 15. f4 Bb7 16. Qf3 Re7 17. Nd1 c5 18. Nf2 Qd7 19. Bc3 Rbe8 20. Bxf6 gxf6 {[%emt 0:00:01] [#]} 21. Ng4 ({Better is} 21. f5 $1 $16) 21... Bg7 22. Qg3 Kh7 $2 {[%emt 0:03:48] [#]} (22... Kf8 $15) 23. Nxf6+ $1 {[%emt 0:02:56] Promotion} Bxf6 24. e5+ $1 {[%emt 0:00:10] Discovered Attack} Kh8 25. exf6 Rxe1+ 26. Rxe1 Rg8 {[%emt 0:00:13] [#]} 27. Qh4 $1 Rxg2+ 28. Kf1 Rg6 29. Bxg6 fxg6 30. Qxh6+ {[%emt 0:00:25] Double Attack} Kg8 {[%emt 0:00:03] [#]} 31. Re8+ $1 Kf7 32. Re7+ 1-0

[Event "CZE-ch U12 2020"]
[Site "Kouty nad Desnou"]
[Date "2020.03.12"]
[Round "7.6"]
[White "Day, Tobias"]
[Black "Jasso, Matej"]
[Result "1-0"]
[ECO "B08"]
[WhiteElo "1837"]
[BlackElo "1582"]
[Annotator "NA RC"]
[PlyCount "57"]
[EventDate "2020.03.07"]
[EventCountry "CZE"]
[SourceTitle "playchess.com"]
[Source "ChessBase"]
[SourceQuality "1"]
[TimeControl "5400+30"]

1. e4 d6 2. d4 Nf6 3. Nc3 g6 4. Nf3 Bg7 5. Be2 c6 6. h3 O-O 7. Be3 b5 8. a3 Qc7 9. O-O Nbd7 10. Nd2 {[%emt 0:03:14] [#]} Re8 $146 {[%emt 0:03:32] B08: Pirc Defence: Classical System.} ({Predecessor:} 10... a6 11. f4 Nb6 12. Qe1 c5 13. Qf2 Nfd7 14. Nb3 Na4 15. Nd5 Qd8 16. dxc5 Bb7 17. c4 bxc4 18. Bxc4 Naxc5 19. Nxc5 Nxc5 20. Bxc5 dxc5 21. Qxc5 {0-1 (40) Yap,K (2418)-Petrosian,T (2663) Dubai 2013}) 11. f4 a6 12. Qe1 (12. e5 $5 ) 12... e5 (12... c5 $11) 13. dxe5 $1 dxe5 14. f5 Bb7 15. g4 ({White should try} 15. Rd1 $16) 15... c5 $2 (15... Nd5 $16 16. exd5 cxd5) 16. g5 b4 (16... Nh5 $142 17. Bxh5 gxh5) 17. gxf6 bxc3 18. bxc3 ({Don't play} 18. fxg7 $6 cxd2 19. Bxd2 (19. Qxd2 Bxe4 20. fxg6 Bxg6 $16) 19... Bxe4 $16) ({White has to play} 18. fxg6 $18 Bxf6 19. gxh7+ (19. bxc3 fxg6 20. Bh6 Bc6 $16) 19... Kh8 20. bxc3) 18... Nxf6 19. Qh4 Qa5 $2 (19... Qc6 $16 {keeps fighting.}) 20. fxg6 hxg6 21. Rab1 Ra7 $2 (21... Bc8 22. Rxf6 Bxf6 23. Qxf6 Qd8) 22. Rxf6 Bxf6 23. Qxf6 Re6 24. Qf2 Qc7 25. Bc4 Rd6 26. Rf1 Rd7 27. Qf6 Kh7 {[%emt 0:07:38] [#]} 28. Bxf7 (28. Bh6 $142 $1 Kxh6 29. Qh8+ Kg5 30. Be2 Rxd2 31. h4#) 28... Bxe4 29. Qh4+ {[%emt 0:00:42] Double Attack} 1-0

[Event "CZE-ch U12 2020"]
[Site "Kouty nad Desnou"]
[Date "2020.03.12"]
[Round "7.7"]
[White "Martirosyan, David"]
[Black "Nguyen, Thai Dang Vi"]
[Result "1-0"]
[ECO "C48"]
[WhiteElo "1522"]
[BlackElo "1510"]
[Annotator "NA RC"]
[PlyCount "49"]
[EventDate "2020.03.07"]
[EventCountry "CZE"]
[SourceTitle "playchess.com"]
[Source "ChessBase"]
[SourceQuality "1"]
[TimeControl "5400+30"]

1. e4 e5 2. Nf3 Nf6 3. Nc3 Nc6 4. Bb5 Bc5 5. O-O d6 6. h3 O-O 7. d3 h6 8. Ne2 Be6 9. c3 a6 10. Ba4 Ba7 11. Ng3 b5 12. Bc2 Re8 13. Re1 Qe7 14. d4 exd4 15. cxd4 d5 16. e5 Nd7 17. Qd3 Nf8 18. a3 Na5 19. Bd2 Bb6 20. Bb4 Qd8 21. Bxf8 Kxf8 22. Qh7 f6 23. Nh5 Qd7 24. exf6 gxf6 25. Qxh6+ 1-0

[Event "CZE-ch U12 2020"]
[Site "Kouty nad Desnou"]
[Date "2020.03.12"]
[Round "7.8"]
[White "Sedmihradsky, Tomas"]
[Black "Sigut, Ondrej"]
[Result "1-0"]
[ECO "A01"]
[WhiteElo "1024"]
[BlackElo "1274"]
[Annotator "NA"]
[PlyCount "89"]
[EventDate "2020.03.07"]
[EventCountry "CZE"]
[SourceTitle "playchess.com"]
[Source "ChessBase"]
[SourceQuality "1"]
[TimeControl "5400+30"]

1. b3 e5 2. Bb2 Nc6 3. c4 d6 4. Nc3 Nf6 5. e3 Be7 6. d4 exd4 7. exd4 O-O 8. Qd2 Bf5 9. O-O-O Ne4 10. Nxe4 Bxe4 11. f3 Bg6 12. d5 Nb8 13. Ne2 a6 14. Nd4 Re8 15. Bd3 Bxd3 16. Qxd3 c5 17. Nf5 Bf6 18. Rhe1 Nd7 19. Rxe8+ Qxe8 20. Bxf6 Nxf6 21. Nxd6 Qd7 22. Ne4 Ne8 23. Nxc5 Qc7 24. Ne4 Nd6 25. g3 Re8 26. Nxd6 Qxd6 27. Kb2 b6 28. a3 a5 29. f4 h6 30. Rd2 Qf6+ 31. Qd4 Qd6 32. Qc3 Kf8 33. b4 axb4 34. Qxb4 Rd8 35. Qxd6+ Rxd6 36. Kc3 Ke7 37. Kb4 Kd7 38. Re2 g6 39. Kb5 h5 40. h4 Rf6 41. Re5 Rd6 42. a4 Rf6 43. a5 bxa5 44. Kxa5 Rd6 45. Kb5 1-0

[Event "CZE-ch U12 2020"]
[Site "Kouty nad Desnou"]
[Date "2020.03.12"]
[Round "7.9"]
[White "Veverka, Vladimir"]
[Black "Hobza, Richard"]
[Result "1-0"]
[ECO "D20"]
[WhiteElo "1656"]
[BlackElo "1251"]
[Annotator "NA RC"]
[PlyCount "137"]
[EventDate "2020.03.07"]
[EventCountry "CZE"]
[SourceTitle "playchess.com"]
[Source "ChessBase"]
[SourceQuality "1"]
[TimeControl "5400+30"]

1. d4 d5 2. c4 dxc4 3. e3 e5 4. Nf3 exd4 5. Bxc4 Nc6 6. exd4 Bb4+ 7. Nc3 Nf6 8. O-O O-O 9. Qb3 Bxc3 10. Qxc3 Bf5 11. Bg5 Qd6 12. Bh4 h6 13. Bg3 Qd7 14. Bb5 Ne4 15. Qc4 Nxg3 16. hxg3 Be6 17. Qc5 Qd5 18. Rfc1 Rfd8 19. Bxc6 Qxc6 20. Qxc6 bxc6 21. Rxc6 Bd5 22. Rxc7 Bxf3 23. gxf3 Rxd4 24. Rac1 Rd2 25. R1c2 Rad8 26. Rc8 Rxc2 27. Rxc2 Kf8 28. b4 Rb8 29. Rb2 Ke7 30. Kf1 Kd6 31. Ke2 Kc6 32. a4 a6 33. Ke3 Rd8 34. Rc2+ Kb6 35. Rd2 Re8+ 36. Kd3 Rd8+ 37. Kc3 Rc8+ 38. Kb3 Rc7 39. Rd6+ Kb7 40. Rd8 Re7 41. Rd2 Kb6 42. Kc3 f6 43. Kd3 Kc6 44. Re2 Rd7+ 45. Ke3 Re7+ 46. Kd2 Rd7+ 47. Kc2 Kb7 48. Re3 Kc7 49. Rc3+ Kb7 50. Rd3 Rc7+ 51. Kd2 Re7 52. Re3 Rd7+ 53. Ke2 a5 54. b5 Rc7 55. Re4 Rd7 56. Ke3 Kb6 57. Rc4 Kb7 58. Rc6 Rd8 59. Ra6 Rd7 60. Rxa5 Kb6 61. Ra8 Kc5 62. Re8 Ra7 63. Re4 Kb6 64. Kf4 Kc5 65. Kf5 Kd5 66. Kg6 Kd6 67. Rg4 Ke6 68. b6 Rb7 69. Rb4 1-0

[Event "CZE-ch U12 2020"]
[Site "Kouty nad Desnou"]
[Date "2020.03.12"]
[Round "7.10"]
[White "Kubin, Tomas Daniel"]
[Black "Tesar, Jakub"]
[Result "1-0"]
[ECO "B76"]
[WhiteElo "1484"]
[BlackElo "1446"]
[Annotator "NA"]
[PlyCount "83"]
[EventDate "2020.03.07"]
[EventCountry "CZE"]
[SourceTitle "playchess.com"]
[Source "ChessBase"]
[SourceQuality "1"]
[TimeControl "5400+30"]

1. e4 c5 2. Nf3 d6 3. d4 cxd4 4. Nxd4 Nf6 5. Nc3 g6 6. Be3 Bg7 7. f3 O-O 8. Qd2 Nc6 9. O-O-O d5 10. exd5 Nxd5 11. Nxc6 bxc6 12. Nxd5 cxd5 13. Qxd5 Qc7 14. Qc5 Qb7 15. b3 Bf5 16. Bd3 Rac8 17. Qa5 Qc6 18. Bxf5 gxf5 19. Qd2 Qa6 20. Bd4 Bxd4 21. Qxd4 Qxa2 22. Qb2 Qxb2+ 23. Kxb2 Rc7 24. Rd2 Rfc8 25. Rhd1 Kg7 26. c4 Rb8 27. Rc1 Rcb7 28. Rc3 e6 29. c5 Rc8 30. c6 Rbc7 31. Rd7 Kf8 32. Rxc7 Rxc7 33. b4 a6 34. Ka3 e5 35. Ka4 e4 36. b5 axb5+ 37. Kxb5 Ke8 38. Kb6 Kd8 39. fxe4 fxe4 40. Rg3 Re7 41. Rg8+ Re8 42. c7+ 1-0

[Event "CZE-ch U12 2020"]
[Site "Kouty nad Desnou"]
[Date "2020.03.12"]
[Round "7.11"]
[White "Matus, Jakub"]
[Black "Setina, Vaclav"]
[Result "0-1"]
[ECO "B33"]
[WhiteElo "1240"]
[BlackElo "1507"]
[Annotator "NA RC"]
[PlyCount "84"]
[EventDate "2020.03.07"]
[EventCountry "CZE"]
[SourceTitle "playchess.com"]
[Source "ChessBase"]
[SourceQuality "1"]
[TimeControl "5400+30"]

1. e4 c5 2. Nf3 Nc6 3. d4 cxd4 4. Nxd4 Nf6 5. Nc3 g6 6. Be3 Bg7 7. Be2 O-O 8. O-O d5 9. exd5 Nxd5 10. Nxc6 bxc6 11. Nxd5 cxd5 12. c3 e5 13. Qc2 Qc7 14. Rac1 Bb7 15. Rfd1 Rfd8 16. Qa4 Bc6 17. Qh4 Rab8 18. Rd2 Ba8 19. Bf3 f5 20. Qa4 Rd7 21. Rdc2 f4 22. Bd2 Bc6 23. Qa3 Bb5 24. b3 Bf8 25. b4 Rb6 26. Re1 Bc4 27. Qc1 Ra6 28. Be2 Bg7 29. a3 Bxe2 30. Rxe2 Qc4 31. Be1 g5 32. Ra2 d4 33. Rec2 d3 34. Rcb2 e4 35. a4 Rc7 36. Ra3 Bf8 37. Qd2 Re6 38. Qd1 e3 39. fxe3 fxe3 40. Bg3 Rf7 41. Rb1 d2 42. h3 Qd3 0-1

[Event "CZE-ch U12 2020"]
[Site "Kouty nad Desnou"]
[Date "2020.03.12"]
[Round "7.12"]
[White "Babula, Matej"]
[Black "Matusik, Ondrej"]
[Result "1-0"]
[ECO "C01"]
[WhiteElo "1353"]
[BlackElo "1482"]
[Annotator "NA"]
[PlyCount "91"]
[EventDate "2020.03.07"]
[EventCountry "CZE"]
[SourceTitle "playchess.com"]
[Source "ChessBase"]
[SourceQuality "1"]
[TimeControl "5400+30"]

1. e4 e6 2. d4 d5 3. exd5 exd5 4. Bd3 c5 5. dxc5 Bxc5 6. Nf3 Nf6 7. c3 O-O 8. O-O Bg4 9. Bf4 Nbd7 10. Nbd2 Re8 11. Nb3 Bb6 12. Be2 Re4 13. Bg3 Bc7 14. Bxc7 Qxc7 15. h3 Bh5 16. Nfd4 Bxe2 17. Nxe2 Rae8 18. Ng3 R4e6 19. Nd4 Rb6 20. Qc2 Ne5 21. Rfe1 Nc6 22. Rxe8+ Nxe8 23. Re1 Nf6 24. Ndf5 Kf8 25. Qe2 Qd8 26. Nh5 Nxh5 27. Qxh5 Kg8 28. Qg4 g6 29. Re2 Kf8 30. Nd4 Nxd4 31. Qxd4 Kg8 32. c4 Re6 33. Rxe6 fxe6 34. cxd5 exd5 35. Qxa7 Qc7 36. Qe3 Qc4 37. Qe8+ Kg7 38. Qe7+ Kg8 39. Qxb7 d4 40. Qb3 Qxb3 41. axb3 Kf7 42. Kf1 Ke6 43. Ke2 Kd5 44. Kd3 Kc5 45. f4 Kd5 46. b4 1-0